 Dungeon Crawl Stone Soup version 0.30-a0-459-g9104f0fc43 (webtiles) character file.

Game seed: 3855961464801877665

68 pokeman the Magician (level 4, 0/25 HPs)
             Began as a Deep Elf Hedge Wizard on Dec 15, 2022.
             Succumbed to an adder's poison
             ... on level 3 of the Dungeon.
             The game lasted 00:03:32 (2739 turns).

pokeman the Magician (Deep Elf Hedge Wizard)        Turns: 2739, Time: 00:03:33

Health: 0/25       AC:  5    Str:  7    XL:     4   Next: 1%
Magic:  4/13       EV: 12    Int: 21    God:
Gold:   63         SH:  0    Dex: 14    Spells: 5/13 levels left

rFire   + . .      SeeInvis .    a - +0 dagger (venom)
rCold   . . .      Faith    .    (no shield)
rNeg    . . .      Spirit   .    i - +2 leather armour {rF+}
rPois   .          Reflect  .    c - +0 hat
rElec   .          Harm     .    (no cloak)
rCorr   .          Rampage  .    (no gloves)
Will    .....                    (no boots)
Stlth   ++........               (no amulet)
HPRegen 0.24/turn                (no ring)
MPRegen 0.13/turn                (no ring)

@: lethally poisoned (0 -> -6), on blink cooldown
A: no striking features
a: no special abilities


You were on level 3 of the Dungeon.
You visited 1 branch of the dungeon, and saw 3 of its levels.

You collected 123 gold pieces.
You spent 60 gold pieces at shops.

Inventory:

Hand Weapons
 a - a +0 dagger of venom (weapon)
Armour
 c - a +0 hat (worn)
 i - a +2 leather armour of fire resistance (worn)
Scrolls
 b - a scroll of vulnerability {unknown}
 e - 4 scrolls of teleportation
 f - a scroll of fog {unknown}
 h - 5 scrolls of identify
 k - 3 scrolls of fear {unknown}
 l - a scroll of poison {unknown}
 n - 2 scrolls of immolation {unknown}
Potions
 d - a potion of magic
 g - a potion of berserk rage {unknown}
 j - a potion of mutation {unknown}
 m - 3 potions of curing {unknown}


   Skills:
 - Level 1.0 Fighting
 - Level 1.0 Armour
 + Level 2.6 Dodging
 - Level 2.4 Stealth
 * Level 5.4 Spellcasting
 + Level 2.1 Conjurations
 - Level 1.1 Summonings
 - Level 1.1 Translocations
 + Level 0.2 Air Magic


You had 5 spell levels left.
You knew the following spells:

 Your Spells              Type           Power      Damage    Failure   Level
a - Magic Dart            Conj           56%        1d5       6%          1
b - Mephitic Cloud        Conj/Pois/Air  8%         N/A       32%         3
c - Call Imp              Summ           10%        N/A       14%         2
d - Blink                 Tloc           20%        N/A       14%         2

Your spell library contained the following spells:

 Spells                   Type           Power      Damage    Failure   Level
 Slow                     Hex            20%        N/A       16%         1
 Cigotuvi's Dreadful Rot  Necr/Pois/Air  10%        N/A       22%         2


Dungeon Overview and Level Annotations

Branches:
Dungeon (3/15)

Altars:
Zin

Shops:
D:2 ?   D:3 [


Message History

The ball python constricts you. The orc hits you with a +0 whip.
The endoplasm hits you but does no damage.
Something hits you.
The orc priest looks satisfied for a moment.
Unknown command.
You miss something. The adder bites you but does no damage.
A giant cockroach comes into view.
The ball python closely misses you. The ball python constricts you.
Something wonders, "What am I doing in here?"
The orc hits you with a +0 whip.
* * * LOW HITPOINT WARNING * * *
The orc priest hits you but does no damage.
The adder bites you but does no damage. The endoplasm freezes you.
You are frozen.
* * * LOW HITPOINT WARNING * * *
You're too confused to cast spells.
Okay, then.
Unknown command.
The ball python barely misses you. The ball python constricts you.
* * * LOW HITPOINT WARNING * * *
The adder bites you but does no damage. The orc hits you with a +0 whip.
* * * LOW HITPOINT WARNING * * *
The orc priest hits you but does no damage.
Something hits the adder but does no damage.
The endoplasm hits you but does no damage.
You feel less confused.
The ball python bites you but does no damage.
The ball python constricts you. The adder bites you.
* * * LOW HITPOINT WARNING * * *
You are lethally poisoned!
The adder poisons you!
Something hits the adder.
The orc barely misses you.
The orc priest hits you but does no damage.
The endoplasm barely misses you.
The giant cockroach waves its antennae.
Casting: Mephitic Cloud (extremely dangerous; 32% risk of failure)
Confirm with . or Enter, or press ? or * to list all spells.
You escape the ball python's grasp.
You blink.
Found two stone staircases leading down.
You die...

# .## . .. #.#.
#####
#.#.####...
#.....##.####
#.....#......
#...........##
#..>.@#......
#.........Jo####
##.......gS§og.#
#..####...S#.#.#
#......#...B##
.. #.>.#..∩)#.##
[# .. #.#...##
.. ##. ......#.
## .#.###


You could see an orc priest, an adder, an orc, an endoplasm, a giant cockroach,
a goblin and a ball python.

Vanquished Creatures
  2 adders (D:2)
  A dart slug (D:1)
  An orc (D:3)
  7 bats
  5 endoplasms
  2 giant cockroaches
  4 hobgoblins
  4 jackals (D:2)
  2 ball pythons (D:1)
  3 frilled lizards
  6 goblins
  3 kobolds
  5 rats
45 creatures vanquished.

Notes
Turn   | Place    | Note
-------+----------+-------------------------------------------
     0 | D:1      | pokeman the Deep Elf Hedge Wizard began the quest for the
                  | Orb.
     0 | D:1      | Reached XP level 1. HP: 10/10 MP: 7/7
   183 | D:1      | Found a faded altar of an unknown god.
   271 | D:1      | Reached XP level 2. HP: 16/16 MP: 7/9
  1267 | D:1      | Found a glowing silver altar of Zin.
  1403 | D:2      | Reached skill level 5 in Spellcasting
  1557 | D:2      | Reached XP level 3. HP: 19/20 MP: 3/11
  1561 | D:2      | Learned a level 3 spell: Mephitic Cloud
  1564 | D:2      | Learned a level 2 spell: Call Imp
  1567 | D:2      | Learned a level 2 spell: Blink
  1749 | D:2      | Found Cilis's Magic Scroll Shop.
  1756 | D:2      | Bought a scroll of identify for 20 gold pieces
  1756 | D:2      | Bought a scroll of noise for 10 gold pieces
  1756 | D:2      | Bought a scroll of teleportation for 30 gold pieces
  1866 | D:2      | Identified the +8 chain mail of Beogh's Anger {Regen+}
  2074 | D:2      | Reached skill level 1 in Fighting
  2470 | D:2      | Reached skill level 1 in Armour
  2708 | D:3      | Found Udaschah's Armour Shoppe.
  2726 | D:3      | Reached XP level 4. HP: 25/25 MP: 7/13
  2739 | D:3      | Succumbed to an adder's poison

Illustrated notes

Levels and vault maps discovered:
D:1:      dpeg_arrival_water_altar, layout_loops_corners,
          hellmonk_ecumenical_altar_lost_god
D:2:      layout_loops_corners, serial_shops, shop_scrolls
D:3:      layout_loops_ring, serial_shops, shop

Skill      XL: |  1  2  3 |
---------------+----------+-----
Spellcasting   | 5 |  5.4
Fighting       | 1 |  1.0
Armour         | 1 |  1.0
Conjurations   | 2 |  2.1
Dodging        | |  2.6
Stealth        | |  2.4
Summonings     | |  1.1
Translocations | |  1.1
Air Magic      | |  0.2

Action                   |  1- 3 |  4- 6 || total
-------------------------+-------+-------++-------
Melee: Dagger            |    17 |     3 ||    20
       Broad axe         |     5 |       ||     5
 Cast: Magic Dart        |   103 |       ||   103
       Mephitic Cloud    |       |     1 ||     1
       Blink             |       |     1 ||     1
 Stab: Sleeping          |     1 |       ||     1
Armor: Robe              |     4 |       ||     4
       Leather armour    |     9 |    15 ||    24
Dodge: Dodged            |    27 |    14 ||    41

Table legend: (Time is in decaauts)
 A = Elapsed time spent in this place.
 B = Non-inter-level travel time spent in this place.
 C = Inter-level travel time spent in this place.
 D = Time resting spent in this place.
 E = Time spent auto-exploring this place.
 F = Levels seen in this place.
 G = Mean time per level.
                   A        B        C        D        E       F      G
               +--------+--------+--------+--------+--------+-----+--------+
         Total |   2743 |   2683 |     60 |      0 |   2398 |   3 |  914.3 |
       Dungeon |   2743 |   2683 |     60 |      0 |   2398 |   3 |  914.3 |
               +--------+--------+--------+--------+--------+-----+--------+

Top non-repeatable levels by time:
     D:2: 1387 daAuts
     D:1: 1325 daAuts
     D:3: 30 daAuts
